 Dungeon Crawl Stone Soup version 0.14-a0-2017-g4a4604d (webtiles) character file.

337 Kae the Sneak (level 5, -1/24 HPs)
             Began as a Spriggan Enchanter on Jan 18, 2014.
             Killed by divine providence
             ... invoked by an orc priest
              (12 damage)
             ... on Level 4 of the Dungeon.
             The game lasted 00:03:04 (3112 turns).

Kae the Sneak (Spriggan Enchanter)                  Turns: 3112, Time: 00:03:04

HP  -1/24        AC  3     Str  5      XL: 5   Next:  4%
MP  15/16        EV 18     Int 17      God:
Gold 195         SH  0     Dex 16      Spells:  3 memorised,  5 levels left

rFire  . . .     SeeInvis +     t - +2,+0 elf dagger (freeze)
rCold  . . .     Clarity  .     b - +1 robe
rNeg   . . .     Conserve .     (shield restricted)
rPois  .         rCorr    .     (helmet restricted)
rElec  .         rRot     .     (no cloak)
SustAb . .       Spirit   .     (gloves unavailable)
rMut   .         Warding  .     (boots unavailable)
Saprov . . .     Stasis   .     (no amulet)
MR     .....                    (no ring)
                                (no ring)

@: very quick, not resistant to hostile enchantments, quite stealthy
A: unfitting armour, see invisible, herbivore 3, speed 3, slow metabolism 2
a: no special abilities


You were on level 4 of the Dungeon.
You were hungry.

You visited 1 branch of the dungeon, and saw 4 of its levels.

You collected 195 gold pieces.

Inventory:

Hand weapons
 a - a +1,+1 dagger
 t - a +2,+0 elven dagger of freezing (weapon)
Missiles
 d - 12 darts (quivered)
Armour
 b - a +1 robe (worn)
Magical devices
 s - a wand of fireball (5) {unknown}
Comestibles
 i - 2 apples
 r - 2 bread rations
 w - 10 strawberries
Scrolls
 k - a scroll of recharging {unknown}
 l - a scroll of curse weapon {unknown}
 o - 2 scrolls of remove curse {unknown}
 q - 2 scrolls of identify {unknown}
 u - 5 scrolls of teleportation {unknown}
 z - a scroll of fear {unknown}
Jewellery
 j - an uncursed ring of magical power {unknown}
 v - an uncursed ring of fire {unknown}
 y - an uncursed ring of positive energy {unknown}
Potions
 e - a potion of porridge
 f - 3 potions of restore abilities {unknown}
 g - 3 potions of curing {unknown}
 h - 2 potions of magic {unknown}
 m - 3 potions of agility {unknown}
 n - a potion of might {unknown}
 p - a potion of speed {unknown}
 x - a potion of poison {unknown}
 A - a potion of resistance {unknown}
Books
 c - a book of Maledictions

   Spells                             Type                      Level
   *Corona                            Hexes                        1
   Sure Blade                         Hexes/Charms                 2
   *Ensorcelled Hibernation           Hexes/Ice                    2
   *Confuse                           Hexes                        3
   Enslavement                        Hexes                        4
   Invisibility                       Hexes                        6


   Skills:
 * Level 3.2 Short Blades
 - Level 1.1 Throwing
 - Level 3.0 Dodging
 * Level 5.4 Stealth
 + Level 3.6 Spellcasting
 + Level 4.1 Hexes


You had 5 spell levels left.
You knew the following spells:

 Your Spells              Type           Power        Failure   Level  Hunger
a - Corona                Hex            ###....      2%          1    None
b - Ensorcelled Hibernat  Hex/Ice        ##....       14%         2    ##.....
c - Confuse               Hex            ###.....     10%         3    ###....


Dungeon Overview and Level Annotations

Branches:
Dungeon (4/16)
 Temple: D:4-7

Altars:


Innate Abilities, Weirdness & Mutations

You are tiny and cannot use many weapons and most armour.
You have supernaturally acute eyesight.
You are a herbivore.
You cover ground extremely quickly.
You need consume almost no food.


Message History

There are no items here.
m - 3 lumpy cyan potions (gained 1)
You start waiting.
Casting: Ensorcelled Hibernation
Confirm with . or Enter, or press ? or * to list all spells.
Aiming: Ensorcelled Hibernation
Press: ? - help, Shift-Dir - straight line, f - orc priest
Aim: an orc priest, wielding an orcish club (hasn't noticed you)
The orc priest resists.
The orc priest mumbles some strange prayers to Beogh against you.
Something smites you!
Ouch! That really hurt!
You see here an orcish war axe.
There is a stone staircase leading up here.
You start resting.
An orc priest is nearby!
The orc priest invokes the aid of Beogh against you.
Something smites you!
Ouch! That really hurt!
You die...

................#
...........o....###
.................#
.................#
.................#
...##..........##
.. #..........#
##.......)##
##......@#
#)...#### #.....#
#...### #...# ####


You could see an orc priest.

Vanquished Creatures
  A worker ant (D:4)
  Ijyb (D:3)
  Terence (D:2)
  2 adders
  A worm (D:2)
  4 giant geckos
  4 orcs
  7 bats
  5 hobgoblins
  2 jackals (D:1)
  8 kobolds
  A quokka (D:3)
  4 giant cockroaches
  5 giant newts
  5 goblins
  6 rats
57 creatures vanquished.

Notes
Turn   | Place    | Note
--------------------------------------------------------------
     0 | D:1      | Kae, the Spriggan Enchanter, began the quest for the Orb.
     0 | D:1      | Reached XP level 1. HP: 9/9 MP: 4/4
   113 | D:1      | Reached XP level 2. HP: 5/13 MP: 7/7
   317 | D:1      | Learned a level 2 spell: Ensorcelled Hibernation
   430 | D:1      | Reached skill level 4 in Stealth
   959 | D:2      | Reached XP level 3. HP: 16/16 MP: 11/11
  1188 | D:2      | Noticed Terence
  1387 | D:2      | Killed Terence
  1760 | D:2      | Reached XP level 4. HP: 11/21 MP: 10/13
  2180 | D:3      | Learned a level 3 spell: Confuse
  2190 | D:3      | Noticed Ijyb
  2214 | D:3      | Killed Ijyb
  2214 | D:3      | Reached skill level 5 in Stealth
  2858 | D:4      | Reached XP level 5. HP: 24/24 MP: 16/16
  3112 | D:4      | Killed from afar by an orc priest

Action                   |  1- 3 |  4- 6 || total
-------------------------+-------+-------++-------
Melee: Dagger            |   145 |    47 ||   192
 Cast: Ensorcelled Hiber |     7 |    11 ||    18
       Corona            |       |     1 ||     1
 Stab: Sleeping          |    13 |    10 ||    23
